 Dungeon Crawl Stone Soup version 0.30-a0-622-gddc90eaa04 (webtiles) character file.

Game seed: 6293476853822477675

1313 BigDaddyOpFi the Digger (level 8, -3/51 HPs)
             Began as a Felid Earth Elementalist on Jan 10, 2023.
             Was a Follower of Vehumet.
             Slain by a wyvern (4 damage)
             ... on level 7 of the Dungeon.
             The game lasted 00:13:56 (6959 turns).

BigDaddyOpFi the Digger (Felid Earth Elementalist)  Turns: 6959, Time: 00:13:56

Health: -3/51      AC: 24    Str:  6    XL:     8   Next: 32%
Magic:  16/18      EV:  4    Int: 17    God:    Vehumet [*.....]
Gold:   274        SH:  0    Dex: 22    Spells: 14/19 levels left
                                        Lives:  0   Deaths: 2

rFire   . . .      SeeInvis +    (weapon unavailable)
rCold   . . .      Faith    .    (shield unavailable)
rNeg    . . .      Spirit   .    (body armour unavailable)
rPois   +          Reflect  .    (helmet unavailable)
rElec   .          Harm     .    (cloak unavailable)
rCorr   .          Rampage  .    (gloves unavailable)
Will    ++...      NoTele   +    (boots unavailable)
Stlth   +++                      a - amulet of the acrobat
HPRegen 0.28/turn                e - +6 ring of dexterity
MPRegen 0.16/turn                g - ring of willpower

@: tree-form
A: stationary, stasis, torment immunity, boosted hp, very small, (claws 1),
(fangs 3), see invisible, (speed 1), (shaggy fur 2), (stealthy paws), no weapons
or thrown items, no armour, multi-lived, robust 1
a: Renounce Religion


You were on level 7 of the Dungeon.
You worshipped Vehumet.
Vehumet was aware of your devotion.
You were a tree.
You visited 1 branch of the dungeon, and saw 7 of its levels.

You collected 274 gold pieces.

Inventory:

Jewellery
 a - an amulet of the acrobat (around neck)
 e - a +6 ring of dexterity (left branch)
 g - a ring of willpower (right branch)
 i - a ring of ice
 j - an amulet of the acrobat
 l - a ring of protection from cold
Wands
 m - a wand of flame (29)
Scrolls
 b - 2 scrolls of amnesia
 c - a scroll of magic mapping
 d - a scroll of noise {unknown}
 h - a scroll of torment
 n - a scroll of fog
Potions
 o - a potion of attraction
 p - a potion of berserk rage {unknown}


   Skills:
 + Level 0.2 Fighting
 + Level 4.2 Dodging
 + Level 4.4 Stealth
 + Level 6.0 Spellcasting
 + Level 5.0 Conjurations
 - Level 2.7 Transmutations
 + Level 6.2 Earth Magic


You had 14 spell levels left.
You knew the following spells:

 Your Spells              Type           Power      Damage    Failure   Level
a - Sandblast             Erth           52%        2d12      1%          1
b - Stone Arrow           Conj/Erth      48%        3d10      3%          3
c - Foxfire               Conj/Fire      52%        2x1d6     4%          1

Your spell library contained the following spells:

 Spells                   Type           Power      Damage    Failure   Level
 Passwall                 Tmut/Erth      16%        N/A       3%          2
 Petrify                  Tmut/Erth      20%        N/A       21%         4


Dungeon Overview and Level Annotations

Branches:
Dungeon (7/15)
 Temple: D:4-7

Altars:
Cheibriados
Hepliaklqana
Sif Muna
Vehumet
Xom
Zin

Portals:
Abyss: D:6

Annotations:
D:2 Robin
D:6 2 transporters, testman's ghost, novice OpVM


Innate Abilities, Weirdness & Mutations

You are a tree.
Your roots penetrate the ground, keeping you stationary.
You cannot be teleported.
You are immune to unholy pain and torment.
Your maximum health is greatly increased.
((You have sharp claws.))
((You have razor-sharp teeth.))
You have supernaturally acute eyesight. (SInv)
((You cover ground quickly. (Speed+)))
((You are covered in thick fur. (AC +2)))
((Your paws help you pounce on unaware monsters.))
You are incapable of wielding weapons or throwing items.
You cannot wear armour.
You gain extra lives every three experience levels.
You are robust. (+10% HP)


Message History

The blast of sand hits the hound!
You kill the hound!
Vehumet accepts your kill.
Found a tower shield.
You hear the faint creaking of a distant portcullis.
A wyvern comes into view.
Aiming: Sandblast (safe; 1% risk of failure)
Press: ? - help, Q - select action, (/) - cycle Shift-Dir - straight line, f - you
Okay, then.
Aiming: Sandblast (safe; 1% risk of failure)
Press: ? - help, Q - select action, (/) - cycle Shift-Dir - straight line
Okay, then.
Aiming: Sandblast (safe; 1% risk of failure)
Press: ? - help, Q - select action, (/) - cycle Shift-Dir - straight line, f - wyvern
Aim: a wyvern (asleep, 100% to hit)
The blast of sand hits the wyvern.
The wyvern is lightly wounded.
The wyvern hisses angrily.
Aiming: Sandblast (safe; 1% risk of failure)
Press: ? - help, Q - select action, (/) - cycle Shift-Dir - straight line, f/p - wyvern
Aim: a wyvern (lightly wounded, 83% to hit)
The blast of sand hits the wyvern.
The wyvern is moderately wounded.
The wyvern completely misses you. The wyvern bites you!
Casting: Sandblast (safe; 1% risk of failure)
Confirm with . or Enter, or press ? or * to list all spells.
Aiming: Sandblast (safe; 1% risk of failure)
Press: ? - help, Shift-Dir - straight line, f/p - wyvern
Aim: a wyvern (moderately wounded, 83% to hit)
The blast of sand hits the wyvern!
The wyvern is almost dead.
The wyvern misses you. The wyvern bites you!
* * * LOW HITPOINT WARNING * * *
You feel better. The wyvern bites you!
* * * LOW HITPOINT WARNING * * *
Okay, then.
Okay, then.
Really quaff the potion of lignification?
You turn into a tree.
Your roots penetrate the ground.
The wyvern bites you.
You die...

###......####
#.##.##.##..
#..........#
#.#......#
###.##.##..#
#..........#
####.#.#####..#
#.......####..##.###
#.......†...♣.......
#.##.##.##..l..[.###
#.#..##.##.......#
#.#..##.##.......#
#.......##.......#
#<##.##.##.......#
#.......##.......#
##.#.#.###########
#.##.##.#


You could see a wyvern.

Vanquished Creatures
  Pikel (D:6)
  Sigmund (D:2)
  2 ice beasts
  2 lemures (D:5)
  An ogre (D:5)
  A phantom (D:5)
  2 bullfrogs
  A necrophage (D:6)
  5 scorpions
  2 hounds
  Natasha (twice) (D:3)
  An orc wizard (D:4)
  4 gnolls (D:4)
  11 adders
  2 shadow imps
  An ufetubus (D:5)
  4 dart slugs
  5 orcs
  6 endoplasms
  5 giant cockroaches
  14 goblins
  5 hobgoblins
  2 quokkas
  4 ball pythons
  3 bats
  3 frilled lizards (D:3)
  4 kobolds
  4 rats
98 creatures vanquished.

Notes
Turn   | Place    | Note
-------+----------+-------------------------------------------
     0 | D:1      | BigDaddyOpFi the Felid Earth Elementalist began the quest
                  | for the Orb.
     0 | D:1      | Reached XP level 1. HP: 7/7 MP: 4/4
     9 | D:1      | Gained mutation: You are robust. (+10% HP) [potion of
                  | mutation]
   915 | D:1      | Reached XP level 2. HP: 12/12 MP: 4/6
  1818 | D:2      | Noticed Sigmund
  1827 | D:2      | Killed Sigmund
  1828 | D:2      | Reached XP level 3. HP: 15/15 MP: 5/8
  1828 | D:2      | Reached XP level 4. HP: 19/19 MP: 5/9
  1828 | D:2      | Reached XP level 5. HP: 23/23 MP: 5/10
  2137 | D:2      | Noticed Robin
  2355 | D:3      | Found a snail-covered altar of Cheibriados.
  2412 | D:3      | Noticed Natasha
  2418 | D:3      | Killed from afar by a white imp
  2419 | D:3      | Reached XP level 4. HP: -2/19 MP: 7/9
  2624 | D:3      | Reached XP level 5. HP: 23/23 MP: 7/10
  2689 | D:3      | Killed Natasha
  2718 | D:3      | Noticed Natasha
  2733 | D:3      | Killed Natasha
  2734 | D:3      | Reached skill level 1 in Conjurations
  2866 | D:3      | Found a shimmering blue altar of Sif Muna.
  3298 | D:4      | Gained mutation: You are covered in thick fur. (AC +2)
                  | [Felid growth]
  3298 | D:4      | Reached XP level 6. HP: 26/26 MP: 4/12
  3576 | D:4      | Found a glowing silver altar of Zin.
  3576 | D:4      | Found a shimmering altar of Xom.
  3579 | D:4      | Found a radiant altar of Vehumet.
  3595 | D:4      | Became a worshipper of Vehumet
  3791 | D:4      | Learned a level 3 spell: Stone Arrow
  4323 | D:5      | Entered Level 5 of the Dungeon
  4744 | D:5      | Reached XP level 7. HP: 29/29 MP: 10/14
  4967 | D:5      | Found a hazy altar of Hepliaklqana.
  5572 | D:5      | HP: 1/29 [lemure[Pikel] (8)]
  5572 | D:5      | Slain by a lemure
  5573 | D:5      | Reached XP level 6. HP: -2/26 MP: 4/13
  5750 | D:6      | Noticed an ice beast
  5751 | D:6      | Reached skill level 5 in Earth Magic
  6030 | D:6      | Reached * piety under Vehumet
  6030 | D:6      | Offered knowledge of Foxfire by Vehumet.
  6144 | D:6      | Learned a level 1 spell: Foxfire
  6149 | D:6      | Noticed an orc warrior
  6153 | D:6      | Found a transporter.
  6208 | D:6      | Reached XP level 7. HP: 29/29 MP: 5/15
  6324 | D:6      | Identified the +2 whip "Hahaog" {flame, rPois rC++ SInv
                  | Stlth-}
  6419 | D:6      | Reached skill level 5 in Spellcasting
  6440 | D:6      | Noticed a toenail golem
  6510 | D:6      | Found a one-way gate to the infinite horrors of the Abyss.
  6510 | D:6      | Noticed testman's ghost (novice OpVM)
  6521 | D:6      | Found a transporter.
  6668 | D:6      | Noticed Pikel
  6672 | D:6      | Killed Pikel
  6673 | D:6      | Reached XP level 8. HP: 34/34 MP: 8/17
  6903 | D:7      | Reached skill level 5 in Conjurations
  6958 | D:7      | HP: 1/34 [wyvern (11)]
  6959 | D:7      | Slain by a wyvern

Illustrated notes

Levels and vault maps discovered:
D:1:      dpeg_arrival_erosion, layout_basic, wad_floor_pattern_untrapped,
          minmay_misc_feat_four_crosses
D:2:      layout_loops_cross, minmay_snake_closets, uniq_sigmund, uniq_robin
D:3:      layout_rooms, old_standard_altar, lemuel_round_altar, uniq_natasha
D:4:      layout_loops_corners, grunt_temple_overflow_open, minmay_crystal_room
D:5:      layout_loops_ring, nicolae_overflow_hidden_temple,
          mainiacjoe_overflow_paths
D:6:      layout_cave_pools, gammafunk_ghost_abyssal_escape,
          minmay_misc_feat_iff, uniq_pikel
D:7:      layout_loops_cross, temple_pool_b, ebering_ghost_reflecting_pool,
          enter_bailey_5, grunt_ministairs_3

Skill      XL: |  1  2  3  4  5  6  7  8 |
---------------+-------------------------+-----
Stealth        | 3 4 |  4.4
Dodging        | 4 |  4.2
Transmutations | 2 |  2.7
Earth Magic    | 3 4 5 6 |  6.2
Spellcasting   | 3 4 5 6 |  6.0
Conjurations   | 1 2 4 5 |  5.0
Fighting       | |  0.2

Action                   |  1- 3 |  4- 6 |  7- 9 || total
-------------------------+-------+-------+-------++-------
Melee: Unarmed           |       |     6 |       ||     6
 Cast: Sandblast         |    28 |   128 |    41 ||   197
       Stone Arrow       |       |     3 |    14 ||    17
Evoke: Wand              |       |     6 |       ||     6
  Use: Scroll            |     4 |     6 |     3 ||    13
       Potion            |     3 |     3 |     3 ||     9
Armor: Skin              |     2 |    51 |     2 ||    55
Dodge: Dodged            |    10 |    83 |    39 ||   132

Table legend: (Time is in decaauts)
 A = Elapsed time spent in this place.
 B = Non-inter-level travel time spent in this place.
 C = Inter-level travel time spent in this place.
 D = Time resting spent in this place.
 E = Time spent auto-exploring this place.
 F = Levels seen in this place.
 G = Mean time per level.
                   A        B        C        D        E       F      G
               +--------+--------+--------+--------+--------+-----+--------+
         Total |   6454 |   6318 |    136 |   2691 |   2479 |   7 |  922.0 |
       Dungeon |   6454 |   6318 |    136 |   2691 |   2479 |   7 |  922.0 |
               +--------+--------+--------+--------+--------+-----+--------+

Top non-repeatable levels by time:
     D:1: 1685 daAuts
     D:4: 1416 daAuts
     D:5: 1156 daAuts
     D:6: 891 daAuts
     D:3: 734 daAuts
     D:2: 461 daAuts
     D:7: 110 daAuts
